 Dungeon Crawl Stone Soup version 0.27-a0-604-g29a88b33a7 (webtiles) character file.

Game seed: 1312883786827793471

233 dickylongcocking the Firebug (level 5, -7/41 HPs)
             Began as a Draconian Fire Elementalist on Mar 13, 2021.
             Mangled by an ogre
             ... wielding a +0 giant club
              (19 damage)
             ... on level 3 of the Dungeon.
             The game lasted 00:04:24 (5007 turns).

dickylongcocking the Firebug (DrFE)                 Turns: 5007, Time: 00:04:24

Health: -7/41      AC:  5    Str: 12    XL:     5   Next: 74%
Magic:  0/8        EV: 12    Int: 16    God:
Gold:   183        SH:  0    Dex: 12    Spells: 7/8 levels left

rFire    . . .     SeeInvis .   f - +1 dagger (freeze)
rCold    . . .     Faith    .   (no shield)
rNeg     . . .     Spirit   .   (armour unavailable)
rPois    .         Reflect  .   (helmet restricted)
rElec    +         Harm     .   b - scarf {shadows}
rCorr    .         Rampage  .   (no gloves)
Will     .....                  (no boots)
Stlth    ++........             (no amulet)
HPRegen  0.13/turn              (no ring)
MPRegen  0.11/turn              (no ring)

@: flying
A: unfitting armour, big wings, electricity resistance, strong 1, cold-blooded,
AC +5
a: Stop Flying


You were on level 3 of the Dungeon.
You visited 1 branch of the dungeon, and saw 4 of its levels.

You collected 183 gold pieces.

Inventory:

Hand Weapons
 f - a +1 dagger of freezing (weapon)
 h - a +0 long sword
Armour
 b - a scarf of shadows (worn)
Jewellery
 j - an amulet of faith
 k - a +6 ring of intelligence
Scrolls
 a - a scroll of magic mapping {unknown}
 d - 2 scrolls of enchant armour {unknown}
 g - 4 scrolls of teleportation {unknown}
 i - a scroll of enchant weapon {unknown}
 l - a scroll of amnesia {unknown}


   Skills:
 * Level 1.7 Fighting
 - Level 0.2 Long Blades
 - Level 2.1 Dodging
 - Level 1.7 Stealth
 - Level 0.1 Unarmed Combat
 - Level 2.3 Spellcasting
 * Level 3.4 Conjurations
 * Level 4.6 Fire Magic


You had 7 spell levels left.
You knew the following spells:

 Your Spells              Type           Power      Damage    Failure   Level
a - Foxfire               Conj/Fire      56%        2x1d6     3%          1

Your spell library contained the following spells:

 Spells                   Type           Power      Damage    Failure   Level
 Conjure Flame            Conj/Fire      14%        6-21      12%         3
 Inner Flame              Hex/Fire       9%         N/A       22%         3
 Sticky Flame             Conj/Fire      14%        2d4       36%         4
 Fireball                 Conj/Fire      7%         3d5       71%         5


Dungeon Overview and Level Annotations

Branches:
Dungeon (4/15)
 Temple: D:4-7

Altars:
Nemelex Xobeh

Shops:
D:4 :

Annotations:
D:4 Edmund


Innate Abilities, Weirdness & Mutations

Your plain brown scales are hard. (AC +5)
You cannot fit into any form of body armour.
You are cold-blooded and may be slowed by cold attacks.
Your large and strong wings let you fly indefinitely.
You are resistant to electric shocks. (rElec)
Your muscles are strong. (Str +2)


Message History

The foxfire hits the ogre.
The ogre is severely wounded.
Blink to where?
Press: ? - help, Dir - move target
As you read the scroll labelled ODOPNIM NEONOJ, it crumbles to dust.
It was a scroll of blinking.
Unknown command.
The ogre barely misses you.
You fly upwards.
There is a stone staircase leading down here.
Unknown command.
Unknown command.
Casting: Foxfire (safe; 3% risk of failure)
Confirm with . or Enter, or press ? or * to list all spells.
You conjure some foxfire!
The ogre hits you with a +0 giant club!
Unknown command.
Your foxfire dissipates!
The foxfire hits the ogre.
The ogre is almost dead.
Casting: Foxfire (safe; 3% risk of failure)
Confirm with . or Enter, or press ? or * to list all spells.
You conjure some foxfire!
The ogre hits you with a +0 giant club!!
Ouch! That really hurt!
* * * LOW HITPOINT WARNING * * *
Unknown command.
Unknown command.
Your foxfire dissipates!
The foxfire hits the ogre.
The ogre is almost dead.
Unknown command.
You aren't carrying any items that you can evoke.
Unknown command.
You aren't carrying any potions.
Unknown command.
Casting: Foxfire (safe; 3% risk of failure)
Confirm with . or Enter, or press ? or * to list all spells.
You conjure some foxfire!
The ogre hits you with a +0 giant club!!
You die...

### #v# ##########
#@# .........###
#O# #..........#
#.# #.######.#.#
#.# #........#.#
#.# .....^...#†#
#.# .........#.#
#.#
.........#.#####.##
..######..........#


You could see an ogre (ally target).

Vanquished Creatures
  A bullfrog skeleton (D:3)
  A hound (D:4)
  4 gnolls (D:3)
  7 adders
  5 worms
  A dart slug (D:2)
  An orc (D:3)
  A giant cockroach (D:2)
  5 goblins
  6 hobgoblins
  3 jackals (D:3)
  8 kobolds
  3 quokkas
  4 bats
  2 frilled lizards (D:2)
  8 rats
60 creatures vanquished.

Vanquished Creatures (others)
  185 foxfires
185 creatures vanquished.

Grand Total: 245 creatures vanquished

Notes
Turn   | Place    | Note
-------+----------+-------------------------------------------
     0 | D:1      | dickylongcocking the Draconian Fire Elementalist began the
                  | quest for the Orb.
     0 | D:1      | Reached XP level 1. HP: 14/14 MP: 3/3
  1129 | D:2      | Reached XP level 2. HP: 15/20 MP: 1/5
  1132 | D:2      | Found a sparkling altar of Nemelex Xobeh.
  1387 | D:2      | Gained mutation: You are resistant to electric shocks.
                  | (rElec) [potion of mutation]
  1387 | D:2      | Gained mutation: Your muscles are strong. (Str +2) [potion
                  | of mutation]
  1387 | D:2      | Gained mutation: Your large and strong wings let you fly
                  | indefinitely. [potion of mutation]
  1536 | D:2      | Reached XP level 3. HP: 19/26 MP: 6/6
  2579 | D:3      | Reached XP level 4. HP: 30/33 MP: 5/7
  2759 | D:3      | Reached skill level 4 in Fire Magic
  3743 | D:3      | Reached XP level 5. HP: 38/38 MP: 2/8
  3934 | D:3      | Reached skill level 1 in Fighting
  4972 | D:4      | Found Ecedizo's Book Emporium.
  4978 | D:4      | Noticed an ogre
  4987 | D:4      | Noticed Edmund
  5007 | D:3      | Mangled by an ogre

Illustrated notes

Levels and vault maps discovered:
D:1:      lemuel_arrival_tunnels, layout_loops_ring
D:2:      layout_loops_ring, nicolae_overflow_crystal_walls
D:3:      layout_basic, minmay_close_crescents
D:4:      layout_layer_cave, minitemple, serial_shops, nicolae_shop_crystal,
          gup_sewer_entry_glass, uniq_edmund, uniq_crazy_yiuf_cottage

Skill      XL: |  1  2  3  4  5 |
---------------+----------------+-----
Dodging        | 2 |  2.1
Conjurations   | 2 3 |  3.4
Fire Magic     | 4 |  4.6
Fighting       | 1 |  1.7
Long Blades    | |  0.2
Stealth        | |  1.7
Unarmed Combat | |  0.1
Spellcasting   | |  2.3

Action                   |  1- 3 |  4- 6 || total
-------------------------+-------+-------++-------
Melee: Unarmed           |    15 |       ||    15
       Tailslap          |     7 |     1 ||     8
       Long sword        |    52 |    23 ||    75
       Dagger            |       |     4 ||     4
 Cast: Foxfire           |    44 |    93 ||   137
 Abil: Fly               |       |     1 ||     1
  Use: Potion            |     3 |     5 ||     8
       Scroll            |       |     1 ||     1
 Stab: Sleeping          |     2 |       ||     2
Armor: Skin              |    36 |    21 ||    57
Dodge: Dodged            |    49 |    62 ||   111
       Rpst.: Long sword |    11 |    10 ||    21

Table legend: (Time is in decaauts)
 A = Elapsed time spent in this place.
 B = Non-inter-level travel time spent in this place.
 C = Inter-level travel time spent in this place.
 D = Time resting spent in this place.
 E = Time spent auto-exploring this place.
 F = Levels seen in this place.
 G = Mean time per level.
                   A        B        C        D        E       F      G
               +--------+--------+--------+--------+--------+-----+--------+
         Total |   5037 |   4899 |    138 |   1249 |   2879 |   4 | 1259.2 |
       Dungeon |   5037 |   4899 |    138 |   1249 |   2879 |   4 | 1259.2 |
               +--------+--------+--------+--------+--------+-----+--------+

Top non-repeatable levels by time:
     D:2: 2042 daAuts
     D:3: 1854 daAuts
     D:1: 1120 daAuts
     D:4: 20 daAuts
